 Dungeon Crawl Stone Soup version 0.31-a0-875-g02e7d12df6 (webtiles) character file.

Game seed: 14348939853526158059

3138 Gergoth the Digger (level 9, -1/55 HPs)
             Began as a Gargoyle Earth Elementalist on Oct 12, 2023.
             Killed by divine providence
             ... invoked by an orc priest
              (7 damage)
             ... on level 8 of the Dungeon.
             The game lasted 00:19:21 (7017 turns).

Gergoth the Digger (Gargoyle Earth Elementalist)    Turns: 7017, Time: 00:19:21

Health: -1/55      AC: 13    Str: 12    XL:     9   Next: 92%
Magic:  11/16      EV: 15    Int: 23    God:
Gold:   373        SH:  0    Dex: 19    Spells: 12/18 levels left

rFire   . . .        B - +9 war axe "Hydraslayer" {flame, Int+3 Dex+3}
rCold   . . .        (no shield)
rNeg    + . .        J - +0 steam dragon scales
rPois   ∞            (no helmet)
rElec   +            r - +0 cloak
rCorr   .            (no gloves)
SInv    .            (no boots)
Will    .....        e - amulet of regeneration
Stlth   ++           u - +6 ring of dexterity
HPRegen 1.09/turn    (no ring)
MPRegen 0.15/turn

%: no passive effects
@: no status effects
A: sickness immunity, AC +6, negative energy resistance 1, electricity
resistance, torment resistance 1, petrification resistance
a: no special abilities


You were on level 8 of the Dungeon.
You visited 2 branches of the dungeon, and saw 9 of its levels.
You also visited: Ossuary.

You collected 473 gold pieces.
You spent 100 gold pieces at shops.

Inventory:

Hand Weapons
 B - the +9 war axe "Hydraslayer" (weapon) {flame, Int+3 Dex+3}
   (You found it on level 8 of the Dungeon)

   Int+3:     It affects your intelligence (+3).
   Dex+3:     It affects your dexterity (+3).
 D - a +1 morningstar
Armour
 h - a +0 ring mail of positive energy
 l - a +0 robe
 p - a scarf of invisibility
 r - a +0 cloak (worn)
 y - a +1 leather armour of willpower
 z - a +0 scale mail
 A - the +0 chain mail of Kostraev {+Inv}
   (You found it on level 5 of the Dungeon)

   +Inv:      It lets you turn invisible.
 J - +0 steam dragon scales (worn)
Magical Staves
 a - a staff of cold
 i - a staff of fire
Jewellery
 e - an amulet of regeneration (around neck)
 t - an amulet of guardian spirit
 u - a +6 ring of dexterity (left hand)
Wands
 q - a wand of flame (19) (quivered)
 E - a wand of paralysis (9)
Scrolls
 j - 5 scrolls of poison
 k - a scroll of vulnerability
 w - a scroll of blinking
 G - a scroll of fog
 N - a scroll of teleportation
 P - a scroll of amnesia {unknown}
Potions
 b - a potion of magic
 c - 3 potions of heal wounds
 d - 3 potions of brilliance
 f - 3 potions of might
 g - 3 potions of mutation
 m - a potion of ambrosia
 n - a potion of haste
 o - 2 potions of curing
 s - a potion of lignification
 v - a potion of cancellation
 x - a potion of berserk rage
 I - 2 potions of enlightenment
 O - a potion of attraction


   Skills:
 + Level 5.8 Fighting
 + Level 4.6 Maces & Flails
 + Level 5.8 Armour
 + Level 4.9 Dodging
 - Level 2.1 Stealth
 + Level 5.2 Spellcasting
 + Level 2.0 Conjurations
 - Level 0.7 Transmutations
 + Level 7.3 Earth Magic
 + Level 1.5 Evocations


You had 12 spell levels left.
You knew the following spells:

 Your Spells              Type           Power      Damage    Failure   Level
a - Sandblast             Erth           78%        2d17      1%          1
b - Passwall              Tmut/Erth      20%        N/A       2%          2
c - Stone Arrow           Conj/Erth      54%        3d10      4%          3

Your spell library contained the following spells:

 Spells                   Type           Power      Damage    Failure   Level
 Summon Small Mammal      Summ           24%        N/A       10%         1
 Wereblood                Tmut           9%         N/A       11%         2
 Brom's Barrelling Bould  Conj/Erth      27%        2d5       13%         4
 Petrify                  Tmut/Erth      24%        N/A       17%         4
 Hailstorm                Conj/Ice       10%        3d5       19%         3
 Call Canine Familiar     Summ           6%         N/A       28%         3
 Summon Guardian Golem    Hex/Summ       6%         N/A       28%         3
 Summon Ice Beast         Ice/Summ       6%         N/A       67%         4
 Simulacrum               Ice/Necr       3%         N/A       100%        6
 Orb of Destruction       Conj           7%         9d6       100%        7
 Spellforged Servitor     Conj/Summ      5%         N/A       100%        7
 Summon Hydra             Summ           3%         N/A       100%        7
 Sublimation of Blood     Necr           Unusable   N/A       N/A         2

Dungeon Overview and Level Annotations

Branches:
Dungeon (8/15)             Temple (1/1) D:4         Ossuary (visited)
   Lair: D:8-11

Altars:
Ashenzari
Cheibriados
Dithmenos
Elyvilon
Fedhas
Hepliaklqana
Kikubaaqudgha
Makhleb
Nemelex Xobeh
Okawaru
Qazlal
Ru
Sif Muna
Trog
Uskayaw
Vehumet
Wu Jian
Xom
Yredelemnul
The Shining One

Shops:
D:3 *   D:6 !


Innate Abilities, Weirdness & Mutations

You are immune to sickness and miasma.
Your stone body is resilient. (AC +6)
You are immune to poison.
You resist negative energy. (rN+)
You are resistant to electric shocks. (rElec)
You are resistant to unholy torment.
You are immune to petrification.


Message History

Aiming: Sandblast (safe; 1% risk of failure)
Press: ? - help, Shift-Dir - straight line, f/p - orc
Aim: an orc, wielding a +0 club and wearing a +0 leather armour (lightly wounded, 84% to hit)
The blast of sand hits the orc!
You kill the orc!
The orc priest shouts!
The orc priest mumbles some strange prayers to Beogh against you.
Beogh smites you!
The orc priest mumbles some strange prayers to Beogh against you.
Beogh smites you!
Casting: Sandblast (safe; 1% risk of failure)
Confirm with . or Enter, or press ? or * to list all spells.
Aiming: Sandblast (safe; 1% risk of failure)
Press: ? - help, Shift-Dir - straight line, f - orc priest
Aim: an orc priest, wielding a +0 dagger and wearing a +0 ring mail (86% to hit)
The blast of sand hits the orc priest!
The orc priest is severely wounded.
The orc priest calls down the wrath of Beogh upon you.
Beogh smites you!
Casting: Sandblast (safe; 1% risk of failure)
Confirm with . or Enter, or press ? or * to list all spells.
Aiming: Sandblast (safe; 1% risk of failure)
Press: ? - help, Shift-Dir - straight line, f/p - orc priest
Aim: an orc priest, wielding a +0 dagger and wearing a +0 ring mail (severely wounded, 86% to hit)
The blast of sand hits the orc priest but does no damage.
The orc priest is severely wounded.
The orc priest casts a cantrip, but nothing happens.
Casting: Sandblast (safe; 1% risk of failure)
Confirm with . or Enter, or press ? or * to list all spells.
Aiming: Sandblast (safe; 1% risk of failure)
Press: ? - help, Shift-Dir - straight line, f/p - orc priest
Aim: an orc priest, wielding a +0 dagger and wearing a +0 ring mail (severely wounded, 86% to hit)
The blast of sand hits the orc priest.
The orc priest is almost dead.
The orc priest mumbles some strange prayers to Beogh against you.
Beogh smites you!
* * * LOW HITPOINT WARNING * * *
The orc priest invokes the aid of Beogh against you.
Beogh smites you!
You die...

#. ## #.#.. #.#.#
#.#.# #.#.# #
#.#.#.#
...###.#.#.#
....oo.@...#
...###.#.######
..............#####
######.#<#####....#
#.#..........#
..+..........+
####..........#
#..........#
#............#


You could see 2 orc priests.

Vanquished Creatures
  Pikel (D:7)
  Maggie (D:7)
  A steam dragon (D:5)
  Eustachio (D:6)
  2 ice beasts
  A sky beast (D:7)
  The ghost of Zgarb the Firebug, an amateur DgFE (D:3)
  A centaur (D:7)
  2 lemures (D:7)
  4 bullfrogs
  Blork the orc (D:4)
  5 water moccasin zombies (Ossuary)
  A scorpion (D:5)
  3 quasits (D:3)
  A hound (D:4)
  4 jellies
  A gnoll bouda (D:6)
  Crazy Yiuf (D:2)
  2 orc priests
  2 sleepcaps (D:4)
  Natasha (thrice) (D:2)
  2 iguanas
  4 orc wizards
  2 mummies (Ossuary)
  15 gnolls
  11 adders
  A shadow imp (D:6)
  An ufetubus (D:6)
  4 adder zombies (Ossuary)
  A worm (D:2)
  2 dart slugs
  18 orcs
  5 ball pythons
  2 endoplasms
  3 giant cockroaches
  3 gnoll zombies (Ossuary)
  9 goblins
  4 hobgoblins
  5 jackals
  3 quokkas
  6 bats
  2 frilled lizards
  3 hobgoblin zombies (Ossuary)
  9 kobolds
  5 kobold zombies (Ossuary)
  6 orc zombies (Ossuary)
  2 rats (D:1)
167 creatures vanquished.

Notes
Turn   | Place    | Note
-------+----------+-------------------------------------------
     0 | D:1      | Gergoth the Gargoyle Earth Elementalist began the quest for
                  | the Orb.
     0 | D:1      | Reached XP level 1. HP: 10/10 MP: 3/3
   239 | D:1      | Reached XP level 2. HP: 16/16 MP: 1/5
   592 | D:1      | Reached skill level 1 in Fighting
   593 | D:1      | Reached skill level 1 in Armour
   825 | D:1      | Reached XP level 3. HP: 20/20 MP: 4/6
  1011 | D:2      | Reached skill level 4 in Earth Magic
  1528 | D:2      | Noticed Natasha
  1530 | D:2      | Killed Natasha
  1531 | D:2      | Reached XP level 4. HP: 25/25 MP: 4/7
  1601 | D:2      | Noticed Natasha
  1608 | D:2      | Killed Natasha
  1759 | D:2      | Reached XP level 5. HP: 30/30 MP: 5/9
  1840 | D:2      | Found a shimmering altar of Xom.
  1842 | D:2      | Noticed Natasha
  1849 | D:2      | Killed Natasha
  1925 | D:2      | Found a runed translucent door.
  1926 | D:2      | Noticed Crazy Yiuf
  1935 | D:2      | Killed Crazy Yiuf
  2046 | D:3      | Found a transporter.
  2048 | D:3      | Noticed Zgarb's ghost (amateur DgFE)
  2065 | D:3      | Found a transporter.
  2112 | D:3      | Found Lirghebu's General Store.
  2145 | D:3      | Bought a scroll of vulnerability for 40 gold pieces
  2145 | D:3      | Bought a scroll of identify for 20 gold pieces
  2145 | D:3      | Bought a potion of degeneration for 10 gold pieces
  2145 | D:3      | Bought a potion of lignification for 30 gold pieces
  2555 | D:2      | Reached XP level 6. HP: 6/36 MP: 3/10
  2672 | D:2      | Learned a level 2 spell: Passwall
  2676 | D:2      | Learned a level 3 spell: Stone Arrow
  2721 | D:3      | Found a sparkling altar of Nemelex Xobeh.
  2722 | D:3      | Found a basalt altar of Yredelemnul.
  2916 | D:3      | Killed Zgarb's ghost
  2918 | D:3      | Reached skill level 1 in Maces & Flails
  2922 | D:3      | Reached skill level 5 in Earth Magic
  3089 | D:4      | Reached XP level 7. HP: 41/41 MP: 8/12
  3276 | D:4      | Found a blossoming altar of Fedhas.
  3740 | D:4      | Found a staircase to the Ecumenical Temple.
  3752 | Temple   | Entered the Ecumenical Temple
  4051 | D:4      | Noticed Blork the orc
  4058 | D:4      | Killed Blork the orc
  4221 | D:5      | Entered Level 5 of the Dungeon
  4538 | D:5      | Found a shimmering altar of Xom.
  4538 | D:5      | Found a shimmering altar of Xom.
  4548 | D:5      | Reached XP level 8. HP: 48/48 MP: 9/13
  4552 | D:5      | Identified the +0 chain mail of Kostraev {+Inv}
  4610 | D:5      | Found a shimmering altar of Xom.
  4983 | D:6      | Found Wilozasa's Distillery.
  4985 | D:6      | Noticed Eustachio
  5035 | D:5      | Reached skill level 6 in Earth Magic
  5079 | D:6      | Killed Eustachio
  5648 | D:6      | Found a hazy altar of Hepliaklqana.
  5649 | D:6      | Found a burning altar of Makhleb.
  5830 | D:7      | Reached XP level 9. HP: 46/53 MP: 9/15
  5831 | D:7      | Noticed Pikel
  5919 | D:7      | Noticed Maggie
  5920 | D:7      | Reached skill level 5 in Fighting
  5920 | D:7      | Reached skill level 5 in Armour
  5982 | D:7      | Killed Maggie
  6035 | D:7      | Found a white marble altar of Elyvilon.
  6155 | D:7      | Found a sand-covered staircase.
  6159 | Ossuary  | Entered an ossuary
  6378 | Ossuary  | Reached skill level 7 in Earth Magic
  6438 | Ossuary  | Reached skill level 5 in Spellcasting
  6443 | Ossuary  | Reached skill level 1 in Conjurations
  6751 | D:7      | Killed Pikel
  6752 | D:7      | Reached skill level 1 in Evocations
  6997 | D:8      | Identified the +9 war axe "Hydraslayer" {flame, Int+3
                  | Dex+3}
  7017 | D:8      | Killed from afar by an orc priest

Illustrated notes

Levels and vault maps discovered:
D:1:      nzn_arrival_depleted_hourglass, layout_basic, serial_corexii_hall,
          corexii_hall_statues_l, corexii_hall_statues_s, grunt_decor_arrowhead,
          reono_crystal_passage
D:2:      layout_basic, basic_altar, grunt_ministairs_15, serial_park_tiny_pond,
          uniq_natasha, uniq_crazy_yiuf_cottage
D:3:      layout_basic, mainiacjoe_overflow_big_doors,
          gammafunk_ghost_stat_death, serial_shops, shop
D:4:      layout_basic, mainiacjoe_overflow_cross_hatched,
          minmay_temple_entry_proselytizer, uniq_blork_the_orc
D:5:      nicolae_cairo_tiling, layout_rooms, xom_redecorated
D:6:      layout_basic, gammafunk_temple_overflow_pools, serial_shops, shop,
          uniq_eustachio
D:7:      layout_rooms, nicolae_elyvilon_temple_path, enter_ossuary_5,
          uniq_pikel, uniq_maggie
D:8:      layout_basic, uniq_erica, uniq_jeremiah
Temple:   nicolae_temple_figure_eight

Skill      XL: |  1  2  3  4  5  6  7  8  9 |
---------------+----------------------------+-----
Fighting       | 1 2 3 4 5 |  5.8
Armour         | 1 2 3 4 5 |  5.8
Earth Magic    | 4 5 6 7 |  7.3
Dodging        | 2 3 4 |  4.9
Spellcasting   | 3 4 5 |  5.2
Maces & Flails | 1 2 3 4 |  4.6
Conjurations   | 2 |  2.0
Evocations     | 1 |  1.5
Stealth        | |  2.1
Transmutations | |  0.7

Action                     |  1- 3 |  4- 6 |  7- 9 || total
---------------------------+-------+-------+-------++-------
  Melee: Unarmed           |     2 |       |       ||     2
         Staff             |     5 |     6 |       ||    11
         Flail             |       |    20 |    47 ||    67
         Punch             |       |     1 |       ||     1
         Morningstar       |       |       |    29 ||    29
   Cast: Sandblast         |    49 |    58 |   229 ||   336
  Evoke: Wand              |       |       |     8 ||     8
    Use: Scroll            |       |    10 |     9 ||    19
   Stab: Sleeping          |       |     1 |     1 ||     2
 Armour: Robe              |    11 |    12 |       ||    23
         Leather armour    |       |    80 |   160 ||   240
         Steam dragon scal |       |       |     7 ||     7
  Dodge: Dodged            |    22 |   107 |   152 ||   281

Table legend: (Time is in decaauts)
 A = Elapsed time spent in this place.
 B = Non-inter-level travel time spent in this place.
 C = Inter-level travel time spent in this place.
 D = Time resting spent in this place.
 E = Time spent auto-exploring this place.
 F = Levels seen in this place.
 G = Mean time per level.
                   A        B        C        D        E       F      G
               +--------+--------+--------+--------+--------+-----+--------+
         Total |   7229 |   7064 |    165 |    541 |   4652 |  10 |  722.9 |
       Dungeon |   6723 |   6589 |    134 |    315 |   4652 |   8 |  840.4 |
        Temple |     70 |     39 |     31 |      0 |      0 |   1 |   70.0 |
       Ossuary |    435 |    435 |      0 |    226 |      0 |   1 |  435.0 |
               +--------+--------+--------+--------+--------+-----+--------+

Top non-repeatable levels by time:
     D:2: 1195 daAuts
     D:4: 1184 daAuts
     D:1: 1020 daAuts
     D:5: 856 daAuts
     D:3: 848 daAuts
     D:7: 802 daAuts
     D:6: 785 daAuts
 Ossuary: 435 daAuts
  Temple: 70 daAuts
     D:8: 30 daAuts
